 Dungeon Crawl Stone Soup version 0.26-a0-520-g952f204493 (webtiles) character file.

Game seed: 5142353498967769286

12987 ANON1729 the Spear-Bearer (level 12, -3/94 HPs)
             Began as a Merfolk Gladiator on Aug 12, 2020.
             Was an Elder of Fedhas.
             Slain by a skeletal warrior
             ... wielding a +0 dire flail
              (14 damage)
             ... on level 13 of the Dungeon.
             The game lasted 00:33:30 (13195 turns).

ANON1729 the Spear-Bearer (Merfolk Gladiator)      Turns: 13195, Time: 00:33:31

Health: -3/94      AC: 14    Str: 18    XL:     12   Next: 1%
Magic:  16/19      EV: 20    Int:  8    God:    Fedhas [****..]
Gold:   452        SH:  0    Dex: 24    Spells: 10/11 levels left

rFire    + + .     SeeInvis +   D - +12 long sword of Hepliaklqana's Anger {protect, rElec rF+ Dex+2}
rCold    . . .     Faith    .   (no shield)
rNeg     . . .     Spirit   .   U - +2 swamp dragon scales
rPois    +         Reflect  .   c - +0 helmet
rElec    +         Harm     .   w - +0 cloak
rCorr    .                      S - +2 pair of gloves
MR       +....                  (no boots)
Stlth    +.........             (no amulet)
HPRegen  0.25/turn              T - ring of Surprise {rF+ MR+ SInv}
MPRegen  0.16/turn              M - +6 ring of dexterity

@: no status effects
A: change form in water, swift swim, stealthy swim
a: Wall of Briars, Grow Ballistomycete, Overgrow, Renounce Religion


You were on level 13 of the Dungeon.
You worshipped Fedhas.
Fedhas was greatly pleased with you.
You visited 2 branches of the dungeon, and saw 14 of its levels.
You also visited: Ossuary and Gauntlet.

You collected 588 gold pieces.
You spent 136 gold pieces at shops.

Inventory:

Hand Weapons
 a - a +0 trident
 D - the +12 long sword of Hepliaklqana's Anger (weapon) {protect, rElec rF+ Dex+2}
   (You found it on level 6 of the Dungeon)

   It grants its wielder temporary protection when it strikes (+7 to AC).
   It affects your dexterity (+2).
   It protects you from fire.
   It insulates you from electricity.
Missiles
 d - 2 throwing nets (quivered)
 W - 13 javelins
Armour
 c - a +0 helmet (worn)
 w - a +0 cloak (worn)
 J - a +2 leather armour of poison resistance
 S - a +2 pair of gloves (worn)
 U - +2 swamp dragon scales (worn)
 X - the cursed +0 pearl dragon scales "Zuvug" {rPois rN+}
   (You took it off a minotaur in a Gauntlet)

   It protects you from poison.
   It protects you from negative energy.
   It has a curse placed upon it.
Jewellery
 r - an uncursed ring of protection from cold
 u - an uncursed ring of protection from cold
 z - an uncursed ring of flight
 I - an uncursed ring of resist corrosion
 K - an uncursed ring of protection from cold
 M - a +6 ring of dexterity (right hand)
 T - the ring of Surprise (left hand) {rF+ MR+ SInv}
   (You found it in a Gauntlet)

   [ring of protection from fire]

   It protects you from fire.
   It affects your resistance to hostile enchantments.
   It lets you see invisible.
 V - the ring "Murrorgh" {*Tele Stlth+}
   (You found it in a Gauntlet)

   [ring of teleportation]

   It may teleport you next to monsters.
   It makes you more stealthy.
 Y - an uncursed ring of protection from cold
Wands
 i - a wand of paralysis (13)
 t - a wand of flame (21)
 y - a wand of acid (12)
 O - a wand of random effects (34)
Scrolls
 h - 3 scrolls of enchant armour
 l - 4 scrolls of teleportation
 o - 2 scrolls of blinking
 p - a scroll of fog
 q - 6 scrolls of remove curse
 v - a scroll of noise {unknown}
 A - a scroll of immolation {unknown}
 F - 2 scrolls of holy word
 H - a scroll of fear {unknown}
 N - 2 scrolls of amnesia {unknown}
 P - a scroll of magic mapping {unknown}
 Q - 2 scrolls of enchant weapon
Potions
 b - a potion of magic {unknown}
 e - a potion of experience {unknown}
 f - 4 potions of resistance {unknown}
 g - 4 potions of lignification
 j - 7 potions of curing
 k - 3 potions of mutation {unknown}
 m - a potion of brilliance {unknown}
 n - 4 potions of might
 s - 2 potions of degeneration {unknown}
 x - a potion of cancellation {unknown}
 C - 2 potions of heal wounds {unknown}
 E - a potion of ambrosia {unknown}
 G - 3 potions of stabbing {unknown}
 L - a potion of flight {unknown}
 R - 2 potions of invisibility
Miscellaneous
 B - a tin of tremorstones (3/3)
 Z - a tin of tremorstones (3/3)


   Skills:
 + Level 8.4 Fighting
 - Level 2.0 Long Blades
 * Level 14.8 Polearms
 + Level 7.8 Throwing
 + Level 10.4 Dodging
 * Level 9.6 Invocations


You had 10 spell levels left.
You knew the following spells:

 Your Spells              Type           Power        Failure   Level
a - Animate Skeleton      Necr           #.....       61%         1

Your spell library contained the following spells:

 Spells                   Type           Power        Failure   Level
 Apportation              Tloc           #.....       61%         1
 Beastly Appendage        Tmut           #.....       61%         1
 Corona                   Hex            #......      61%         1
 Summon Small Mammal      Summ           #...         61%         1
 Wereblood                Tmut           #.......     75%         2
 Spider Form              Tmut/Pois      #.........   93%         3
 Ice Form                 Ice/Tmut       #.......     100%        4
 Blade Hands              Tmut           #.........   100%        5


Dungeon Overview and Level Annotations

Branches:
Dungeon (13/15)            Temple (1/1) D:4         Ossuary (visited)
Gauntlet (visited)
   Lair: D:8-11         Orc: D:9-12      Vaults: D:13-14

Altars:
Ashenzari
Cheibriados
Dithmenos
Elyvilon
Fedhas
Gozag
Hepliaklqana
Kikubaaqudgha
Makhleb
Nemelex Xobeh
Okawaru
Qazlal
Ru
Sif Muna
Trog
Uskayaw
Vehumet
Wu Jian
Xom
Yredelemnul
Zin
The Shining One

Shops:
D:9 *   D:11 :


Message History

There is a stone staircase leading up here.
The slime creature closely misses you.
Press: ? - help, Dir - move target cursor A ballistomycete grows from the ground.
The skeletal warrior hits you with a +0 dire flail!!
* * * LOW HITPOINT WARNING * * *
A ballistomycete spore comes into view.
The slime creature hits your ballistomycete spore.
Found a scroll of remove curse.
A ballistomycete spore comes into view.
Your ballistomycete spore explodes!
The explosion of spores engulfs the slime creature!
The slime creature is moderately wounded.
The explosion of spores engulfs the skeletal warrior!
The skeletal warrior is lightly damaged.
You hear a shout! x2
A ballistomycete spore comes into view.
The skeletal warrior hits you with a +0 dire flail!
You die...
Fedhas appreciates your contribution to the ecosystem.

#####...# .#
........######...
.................
.......<.........
#########.###### #.#
#
######.##########?.#
......P.*...z........
..........J..@.......
........*............
#...#######..........
#... #.......... #..
#.......... #.
#..........
...........
............


You could see a skeletal warrior, a slime creature, a friendly ballistomycete
(summoned) and 2 friendly ballistomycete spores.

Vanquished Creatures
  A minotaur (Gauntlet)
  Erica (D:9)
  4 two-headed ogres
  A queen ant (Gauntlet)
  An ugly thing (D:10)
  A rime drake (shapeshifter) (Gauntlet)
  Grinder (D:4)
  7 hippogriffs
  A wyvern (D:9)
  3 yaks (D:10)
  A vampire (D:10)
  Eustachio (D:6)
  5 soldier ants (Gauntlet)
  Duvessa (D:6)
  5 orc warriors
  A hornet zombie (D:10)
  2 black bears
  3 phantoms
  3 ice beasts
  4 ogres
  6 centaurs
  2 elf zombies (Ossuary)
  3 bullfrogs
  A gnoll sergeant (D:7)
  Dowan (D:6)
  A wyvern zombie (D:7)
  A scorpion (D:8)
  13 wights
  A killer bee (D:12)
  2 howler monkeys
  A centaur zombie (Ossuary)
  A bullfrog zombie (D:10)
  4 hounds
  3 jellies
  6 orc priests
  10 orc wizards
  A bullfrog skeleton (D:7)
  A centaur skeleton (D:10)
  4 iguanas
  Natasha (thrice) (D:2)
  4 worker ants
  2 big kobold zombies (Ossuary)
  A hound zombie (D:10)
  A hound skeleton (D:10)
  2 mummies (Ossuary)
  A worker ant zombie (D:10)
  7 gnolls
  A howler monkey skeleton (D:6)
  8 adders
  6 shadow imps
  3 white imps
  3 ufetubi
  4 worms (D:2)
  6 dart slugs
  6 leopard geckos
  32 orcs
  4 ball pythons (D:2)
  5 giant cockroaches
  6 goblins
  11 hobgoblins
  8 jackals
  7 kobolds
  5 quokkas
  7 bats
  4 frilled lizards
  4 goblin zombies (Ossuary)
  7 hobgoblin zombies (Ossuary)
  2 jackal zombies (Ossuary)
  9 kobold zombies (Ossuary)
  10 orc zombies (Ossuary)
  8 rats
296 creatures vanquished.

Vanquished Creatures (collateral kills)
  3 ballistomycete spores
3 creatures vanquished.

Vanquished Creatures (others)
  An orc warrior (D:11)
  3 orcs (D:11)
  A ballistomycete spore (Gauntlet)
5 creatures vanquished.

Grand Total: 304 creatures vanquished

Notes
Turn   | Place    | Note
-------+----------+-------------------------------------------
     0 | D:1      | ANON1729 the Merfolk Gladiator began the quest for the Orb.
     0 | D:1      | Reached XP level 1. HP: 16/16 MP: 1/1
   104 | D:1      | Reached XP level 2. HP: 19/23 MP: 2/2
   249 | D:1      | Reached skill level 5 in Polearms
   297 | D:1      | Reached XP level 3. HP: 22/28 MP: 3/3
   645 | D:2      | Noticed Natasha
   756 | D:2      | Killed Natasha
   756 | D:2      | Reached XP level 4. HP: 22/34 MP: 4/4
   886 | D:2      | You fall into a shaft and drop 2 floors!
   887 | D:4      | Noticed Grinder
   914 | D:4      | Paralysed by Grinder for 2 turns
   922 | D:4      | Paralysed by Grinder for 3 turns
   940 | D:3      | Reached skill level 6 in Polearms
   943 | D:3      | Reached XP level 5. HP: 31/41 MP: 5/5
  1703 | D:3      | Found a sparkling altar of Nemelex Xobeh.
  2083 | D:2      | Reached skill level 5 in Dodging
  2185 | D:2      | Noticed Natasha
  2190 | D:2      | Killed Natasha
  2240 | D:2      | Noticed Natasha
  2250 | D:2      | Killed Natasha
  2250 | D:2      | Reached XP level 6. HP: 29/47 MP: 6/6
  2604 | D:4      | Reached skill level 7 in Polearms
  2648 | D:4      | Killed Grinder
  2648 | D:4      | Reached XP level 7. HP: 22/54 MP: 7/7
  2930 | D:4      | Found a shattered altar of Ashenzari.
  2972 | D:4      | Reached skill level 8 in Polearms
  3211 | D:5      | Entered Level 5 of the Dungeon
  4127 | D:4      | Found a staircase to the Ecumenical Temple.
  4143 | Temple   | Entered the Ecumenical Temple
  4287 | Temple   | Became a worshipper of Fedhas Madash
  4340 | D:6      | Got a slimy long sword
  4341 | D:6      | Identified the +12 long sword of Hepliaklqana's Anger
                  | {protect, rElec rF+ Dex+2} (You found it on level 6 of the
                  | Dungeon)
  4359 | D:6      | Found a glowing golden altar of the Shining One.
  4415 | D:6      | Noticed Eustachio
  4429 | D:6      | Reached skill level 9 in Polearms
  4429 | D:6      | Reached XP level 8. HP: 36/61 MP: 8/8
  4451 | D:6      | Killed Eustachio
  4451 | D:6      | Reached skill level 5 in Fighting
  4591 | D:6      | Found a sand-covered staircase.
  4605 | Ossuary  | Entered an ossuary
  4669 | Ossuary  | Reached * piety under Fedhas
  4724 | Ossuary  | Reached skill level 1 in Invocations
  4744 | Ossuary  | Reached skill level 1 in Long Blades
  5095 | D:6      | Found a sacrificial altar of Ru.
  5100 | D:6      | Noticed Duvessa
  5102 | D:6      | Noticed Dowan
  5111 | D:6      | Killed Duvessa
  5111 | D:6      | Reached skill level 10 in Polearms
  5115 | D:6      | Killed Dowan
  5208 | D:6      | Reached skill level 5 in Throwing
  5456 | D:7      | Reached XP level 9. HP: 66/68 MP: 11/11
  5465 | D:7      | Reached ** piety under Fedhas
  5950 | D:7      | Reached skill level 11 in Polearms
  6252 | D:7      | Found an ornate altar of the Wu Jian Council.
  6615 | D:8      | Noticed a two-headed ogre
  7257 | D:8      | Reached skill level 5 in Invocations
  7479 | D:8      | Found a burning altar of Makhleb.
  7604 | D:8      | Reached *** piety under Fedhas
  7610 | D:8      | Reached XP level 10. HP: 16/77 MP: 12/14
  7639 | D:8      | HP: 1/77 [orc warrior/+0 halberd (13)]
  7772 | D:9      | Found Yfuffuipp's General Store.
  7779 | D:9      | Bought a potion of lignification for 39 gold pieces
  7779 | D:9      | Bought a scroll of enchant weapon for 97 gold pieces
  8006 | D:9      | Noticed a two-headed ogre
  8021 | D:9      | Killed a two-headed ogre
  8021 | D:9      | Reached skill level 12 in Polearms
  8719 | D:9      | Noticed Erica
  8737 | D:9      | Killed Erica
  9629 | D:8      | Killed a two-headed ogre
  9629 | D:8      | Reached skill level 13 in Polearms
 10266 | D:10     | Entered Level 10 of the Dungeon
 10274 | D:10     | Reached XP level 11. HP: 77/84 MP: 16/16
 10342 | D:10     | Learned a level 1 spell: Animate Skeleton
 10493 | D:10     | Reached **** piety under Fedhas
 10757 | D:10     | Noticed a two-headed ogre
 10768 | D:10     | Killed a two-headed ogre
 11235 | D:10     | Reached skill level 14 in Polearms
 11492 | D:11     | Noticed a two-headed ogre
 11494 | D:11     | Noticed a purple ugly thing
 11512 | D:10     | Killed a two-headed ogre
 11512 | D:10     | Reached skill level 10 in Dodging
 11672 | D:10     | Killed a purple ugly thing
 12117 | D:11     | Found Anemeh's Book Boutique.
 12146 | D:11     | Noticed a cyclops
 12284 | D:12     | Noticed a skeletal warrior
 12285 | D:12     | Noticed a skeletal warrior
 12285 | D:12     | Noticed a skeletal warrior
 12285 | D:12     | Noticed a skeletal warrior
 12288 | D:12     | Found a gate leading to a gauntlet.
 12297 | Gauntlet | Entered a Gauntlet
 12297 | Gauntlet | Found a transporter.
 12297 | Gauntlet | Found a runed translucent door.
 12432 | Gauntlet | Found a runed translucent door.
 12440 | Gauntlet | Found a transporter.
 12442 | Gauntlet | Found a transporter.
 12458 | Gauntlet | Found a transporter.
 12460 | Gauntlet | Found a transporter.
 12462 | Gauntlet | Noticed a cyclops
 12464 | Gauntlet | a cyclops changed into a yaktaur
 12466 | Gauntlet | Noticed a mana viper
 12466 | Gauntlet | a yaktaur changed into a mana viper
 12476 | Gauntlet | a mana viper changed into an elephant
 12483 | Gauntlet | Found a transporter.
 12487 | Gauntlet | Noticed a salamander
 12487 | Gauntlet | a wind drake changed into a salamander
 12490 | Gauntlet | Found a transporter.
 12493 | Gauntlet | Noticed a blizzard demon
 12500 | Gauntlet | Found a transporter.
 12507 | Gauntlet | Found a runed translucent door.
 12511 | Gauntlet | Found a transporter.
 12517 | Gauntlet | Noticed a blizzard demon
 12530 | Gauntlet | Found a transporter.
 12545 | Gauntlet | Found a transporter.
 12546 | Gauntlet | Found a transporter.
 12552 | Gauntlet | Noticed a queen ant
 12592 | Gauntlet | Found a transporter.
 12600 | Gauntlet | Noticed a thrashing horror
 12606 | Gauntlet | Found a transporter.
 12635 | Gauntlet | Noticed a cyclops
 12635 | Gauntlet | a dream sheep changed into a cyclops
 12636 | Gauntlet | a cyclops changed into a komodo dragon
 12641 | Gauntlet | Noticed a moth of wrath
 12641 | Gauntlet | a tarantella changed into a moth of wrath
 12642 | Gauntlet | Noticed a death drake
 12642 | Gauntlet | a moth of wrath changed into a death drake
 12644 | Gauntlet | Noticed a two-headed ogre
 12644 | Gauntlet | a snapping turtle changed into a two-headed ogre
 12647 | Gauntlet | Noticed a manticore
 12647 | Gauntlet | a death drake changed into a manticore
 12657 | Gauntlet | Noticed a fire crab
 12657 | Gauntlet | a fire crab changed into a meliai
 12730 | Gauntlet | Killed a queen ant
 12902 | Gauntlet | Got a warped lapis lazuli ring
 12909 | Gauntlet | Noticed a mana viper
 12909 | Gauntlet | an elephant changed into a mana viper
 12925 | Gauntlet | Noticed a harpy
 12925 | Gauntlet | an eye of draining changed into a harpy
 12936 | Gauntlet | Identified the ring of Surprise {rF+ MR+ SInv} (You found
                  | it in a Gauntlet)
 12940 | Gauntlet | a harpy changed into a black bear
 12987 | Gauntlet | Noticed an orb spider
 12987 | Gauntlet | a spriggan changed into an orb spider
 12989 | Gauntlet | an orb spider changed into a black bear
 12999 | Gauntlet | Got a clouded golden ring
 13005 | Gauntlet | Noticed an orb spider
 13005 | Gauntlet | a troll changed into an orb spider
 13008 | Gauntlet | an orb spider changed into a soldier ant
 13020 | Gauntlet | Identified the ring "Murrorgh" {*Tele Stlth+} (You found it
                  | in a Gauntlet)
 13021 | Gauntlet | Identified the cursed +0 pearl dragon scales "Zuvug" {rPois
                  | rN+}
 13021 | Gauntlet | Noticed a minotaur
 13048 | Gauntlet | Killed a minotaur
 13048 | Gauntlet | Reached XP level 12. HP: 38/94 MP: 15/19
 13080 | Gauntlet | Got a twisted long sword
 13082 | Gauntlet | Identified the +8 long sword "Qarchal" {vorpal, rElec rN+
                  | Str-4 Int+5} (You found it in a Gauntlet)
 13195 | D:13     | Slain by a skeletal warrior

Illustrated notes

Levels and vault maps discovered:
D:1:      saegor_arrival_miasma, layout_basic, minmay_heptomino_o4
D:2:      layout_loops_ring, serial_forest, infiniplex_forest_corner_1,
          infiniplex_forest_clump_double, infiniplex_forest_clump_small,
          infiniplex_forest_straight_3, infiniplex_forest_lined_corner,
          uniq_natasha
D:3:      layout_loops_ring, lemuel_round_altar
D:4:      layout_rooms, lemuel_round_altar, minmay_temple_entry_from_below_b,
          uniq_grinder
D:5:      layout_cave_pods, minmay_door_square
D:6:      layout_loops_corners, nicolae_ru_awakened_eye, tso_metal_star,
          chequers_ossuary_entry_cave, uniq_duvessa, uniq_eustachio
D:7:      layout_basic, lemuel_round_altar
D:8:      layout_loops_corners, bloody_makhleb
D:9:      layout_layer_cave, serial_shops, shop, uniq_erica
D:10:     layout_irregular_city
D:11:     lemuel_flame_loot_2, layout_basic, lair_entry_dummy, serial_shops,
          shop, chequers_serial_rivers_small_b
D:12:     layout_long_grid, orc_0_dummy, gauntlet_entry_generic,
          minmay_crystal_room, kennysheep_opposing_triangles
D:13:     layout_long_grid, erik_vaults_2, minmay_misc_feat_ornament
Temple:   eino_temple_rhombus

Skill      XL: |  1  2  3  4  5  6  7  8  9 10 11 |
---------------+----------------------------------+-----
Polearms       | 5 6 7 9 10 11 13 14 | 14.8
Fighting       | 3 4 5 6 7 8 |  8.4
Throwing       | 3 4 5 6 7 |  7.8
Dodging        | 5 6 7 8 9 10 | 10.4
Invocations    | 3 5 7 9 |  9.6
Long Blades    | 1 2 |  2.0

Action                   |  1- 3 |  4- 6 |  7- 9 | 10-12 || total
-------------------------+-------+-------+-------+-------++-------
Melee: Trident           |   101 |   203 |    81 |       ||   385
       Long sword        |       |       |   294 |   273 ||   567
       Tailslap          |       |       |       |    16 ||    16
Throw: Throwing net      |       |       |       |     1 ||     1
 Cast: Animate Skeleton  |       |       |       |     1 ||     1
Invok: Grow Ballistomyce |       |       |       |     2 ||     2
       Wall of Briars    |       |       |       |     1 ||     1
Evoke: Wand              |       |     2 |       |     2 ||     4
  Use: Scroll            |       |       |     4 |     3 ||     7
       Potion            |       |       |       |     1 ||     1
 Stab: Sleeping          |     4 |     3 |       |     4 ||    11
       Paralysed         |       |     6 |       |       ||     6
       Distracted        |       |       |       |     1 ||     1
Armor: Leather armour    |    19 |    26 |     7 |    95 ||   147
       Scale mail        |       |       |   173 |    11 ||   184
       Swamp dragon scal |       |       |       |     1 ||     1
Dodge: Dodged            |    64 |   124 |   252 |   368 ||   808
       Rpst.: Long sword |       |       |    67 |    97 ||   164

Table legend: (Time is in decaauts)
 A = Elapsed time spent in this place.
 B = Non-inter-level travel time spent in this place.
 C = Inter-level travel time spent in this place.
 D = Time resting spent in this place.
 E = Time spent auto-exploring this place.
 F = Levels seen in this place.
 G = Mean time per level.
                   A        B        C        D        E       F      G
               +--------+--------+--------+--------+--------+-----+--------+
         Total |  13369 |  12863 |    506 |   4342 |   5885 |  16 |  835.6 |
       Dungeon |  12162 |  11679 |    483 |   4036 |   5505 |  13 |  935.5 |
        Temple |    154 |    131 |     23 |      0 |    130 |   1 |  154.0 |
       Ossuary |    244 |    244 |      0 |      0 |     76 |   1 |  244.0 |
      Gauntlet |    807 |    807 |      0 |    306 |    174 |   1 |  807.0 |
               +--------+--------+--------+--------+--------+-----+--------+

Top non-repeatable levels by time:
     D:9: 2192 daAuts
     D:8: 1585 daAuts
    D:10: 1531 daAuts
     D:7: 1411 daAuts
     D:5: 934 daAuts
     D:6: 915 daAuts
     D:2: 904 daAuts
     D:3: 877 daAuts
Gauntlet: 807 daAuts
     D:1: 753 daAuts
     D:4: 702 daAuts
 Ossuary: 244 daAuts
    D:12: 210 daAuts
  Temple: 154 daAuts
    D:11: 130 daAuts
